 Dungeon Crawl Stone Soup version 0.30-b1-2-g02819fbbbe (webtiles) character file.

Game seed: 2042937825742537392

72 Alarkh the Insei (level 4, 32/32 HPs)
             Began as a Demonspawn Transmuter on July 6, 2023.
             Got out of the dungeon alive.
             The game lasted 00:02:44 (1628 turns).

Alarkh the Insei (Demonspawn Transmuter)            Turns: 1628, Time: 00:02:45

Health: 32/32      AC:  2    Str: 10    XL:     4   Next: 6%
Magic:  7/7        EV: 12    Int: 16    God:
Gold:   97         SH:  0    Dex: 14    Spells: 6/7 levels left

rFire   . .          .
                       - Unarmed
rCold   . . .        (no shield)
rNeg    . . .        a - +0 robe
rPois   .            (no helmet)
rElec   .            (no cloak)
rCorr   .            (no gloves)
SInv    .            (no boots)
Will    .....        (no amulet)
Stlth   +            (no ring)
HPRegen 0.25/turn    (no ring)
MPRegen 0.20/turn

%: no passive effects
@: no status effects
A: spiny 1, magic regeneration, weakness stinger 1
a: no special abilities


You escaped.
You visited 1 branch of the dungeon, and saw 2 of its levels.

You collected 139 gold pieces.
You spent 42 gold pieces at shops.

Inventory:

Armour
 a - a +0 robe (worn)
 f - a +0 pair of boots
Scrolls
 c - a scroll of fog
 d - a scroll of identify
 e - a scroll of noise {unknown}
 g - a scroll of magic mapping {unknown}
 h - a scroll of teleportation {unknown}
 i - a scroll of fear {unknown}
Potions
 b - a potion of lignification
 j - 2 potions of flight
 k - a potion of attraction {unknown}
 l - a potion of ambrosia {unknown}
 m - a potion of invisibility {unknown}


   Skills:
 - Level 1.0 Fighting
 - Level 1.7 Dodging
 + Level 4.5 Unarmed Combat
 - Level 2.0 Spellcasting
 - Level 1.7 Transmutations


You had 6 spell levels left.
You knew the following spells:

 Your Spells              Type           Power      Damage    Failure   Level
a - Beastly Appendage     Tmut           14%        N/A       10%         1

Your spell library contained the following spells:

 Spells                   Type           Power      Damage    Failure   Level
 Wereblood                Tmut           7%         N/A       16%         2
 Spider Form              Tmut/Pois      4%         N/A       41%         3
 Ice Form                 Ice/Tmut       4%         N/A       82%         4


Dungeon Overview and Level Annotations

Branches:
Dungeon (2/15)

Altars:

Shops:
D:1 !   D:2 =


Innate Abilities, Weirdness & Mutations

You are partially covered in sharp spines.
You regenerate magic rapidly.
You have a small tail.


Message History

Your horns disappear.
Your talons disappear.
There is a stone staircase leading down here.
You open the door.
There is an open door here.
You open the door.
There is an open door here.
You open the door.
Found Nom Acie's Jewellery Shoppe.
There is an open door here.
There is an entrance to Nom Acie's Jewellery Shoppe here.
You open the door. You open the door.
There is an open door here.
There is an open door here.
There is an open door here.
You open the door.
There is an open door here.
You now have 85 gold pieces (gained 15).
Found a war axe.
You now have 97 gold pieces (gained 12).
You open the door.
There is an open door here.
There is an open door here.
You open the door.
You see here a +0 dagger.
Found an escape hatch in the floor.
There is an open door here.
There is an open door here.
There is an open door here.
You open the door.
There is an open door here.
There is an open door here.
Done exploring.
There is a stone staircase leading up here.
You climb upwards.
There is a stone staircase leading down here.
There is an open door here.
There is a staircase leading out of the dungeon here.
Are you sure you want to leave the Dungeon?
This will make you lose the game!
You have escaped!

..>##
###.####.#.####.#.####.#
..## #.## ##### #...##
### .##
#..#########...##### ##
##.#.........⌠.##..# #
#.............##..######
##
#.##########..##..##....
.# #>#
########...'..###### .#
#.# #.....##..##..##....
.# #.#
#..@..'...##..###### .#
#.# #.....##..##..######
## #.#
########..######..## ##.#
####..######.... #####
#..#######...............
....#
#..............#####..###
###.#
#...###....#.#...........
#.#
##..#....#...#..#.#......
#.#
#......#...##........###


There were no monsters in sight!

Vanquished Creatures
  An adder (D:2)
  3 worms (D:2)
  2 dart slugs (D:1)
  3 endoplasms
  2 giant cockroaches (D:1)
  3 goblins
  7 hobgoblins
  5 jackals (D:1)
  6 ball pythons
  5 bats
  A frilled lizard (D:1)
  4 kobolds
  7 rats
49 creatures vanquished.

Notes
Turn   | Place    | Note
-------+----------+-------------------------------------------
     0 | D:1      | Alarkh the Demonspawn Transmuter began the quest for the
                  | Orb.
     0 | D:1      | Reached XP level 1. HP: 15/15 MP: 3/3
    70 | D:1      | You fall into a shaft and drop 1 floor!
    80 | D:2      | Reached skill level 3 in Unarmed Combat
   134 | D:2      | Gained mutation: You have a small tail. [demonic ancestry]
   134 | D:2      | Reached XP level 2. HP: 8/21 MP: 3/5
   478 | D:1      | Found a faded altar of an unknown god.
   536 | D:1      | Gained mutation: You regenerate magic rapidly. [demonic
                  | ancestry]
   536 | D:1      | Reached XP level 3. HP: 25/26 MP: 4/6
   678 | D:1      | Reached skill level 4 in Unarmed Combat
   947 | D:1      | Found Ocuamiw's Distillery.
   955 | D:1      | Bought a potion of flight for 42 gold pieces
  1310 | D:2      | Gained mutation: You are partially covered in sharp spines.
                  | [demonic ancestry]
  1310 | D:2      | Reached XP level 4. HP: 29/32 MP: 5/7
  1392 | D:2      | Found Nom Acie's Jewellery Shoppe.
  1628 | D:$      | Got out of the dungeon alive.

Illustrated notes

Levels and vault maps discovered:
D:1:      dpeg_arrival_rooms_a, layout_loops_ring, serial_shops, shop,
          hellmonk_ecumenical_altar_blasted, st_stairs_7,
          roderic_cross_of_infinity, minmay_ruptured
D:2:      layout_basic, serial_shops, nicolae_shop_real_fake_doors

Skill      XL: |  1  2  3 |
---------------+----------+-----
Unarmed Combat | 3 4 |  4.5
Fighting       | |  1.0
Dodging        | |  1.7
Spellcasting   | |  2.0
Transmutations | |  1.7

Action                     |  1- 3 |  4- 6 || total
---------------------------+-------+-------++-------
  Melee: Unarmed           |    98 |     3 ||   101
         Kick              |    20 |       ||    20
         Headbutt          |    13 |     1 ||    14
         Tailslap          |     4 |     1 ||     5
         Punch             |     1 |     1 ||     2
   Cast: Beastly Appendage |    27 |     1 ||    28
    Use: Scroll            |     1 |       ||     1
   Stab: Sleeping          |     1 |       ||     1
 Armour: Robe              |    16 |       ||    16
  Dodge: Dodged            |    67 |       ||    67
